 Dungeon Crawl Stone Soup version 0.21.1-1-g345015f (webtiles) character file.

13984 Mgcat the Blocker (level 12, -16/96 HPs)
             Began as a Gnoll Fighter on Feb 7, 2018.
             Was a Believer of Ashenzari.
             Demolished by SaintRoka's ghost (20 damage)
             ... on level 1 of the Lair of Beasts.
             The game lasted 00:35:52 (12919 turns).

Mgcat the Blocker (Gnoll Fighter)                  Turns: 12919, Time: 00:35:53

Health: -16/96     AC: 13    Str: 26    XL:     12   Next: 11%
Magic:  22/22      EV: 16    Int: 14    God:    Ashenzari [**....]
Gold:   554        SH: 14    Dex: 17    Spells: 24/24 levels left

rFire    + . .     SeeInvis +   j - +4 hand axe (freeze) (curse)
rCold    . . .     Gourm    .   c - +1 shield (curse)
rNeg     + . .     Faith    .   B - +3 leather armour of Shielding {Str+4} (curse)
rPois    .         Spirit   .   J - +1 helmet {SInv}
rElec    .         Reflect  .   t - scarf {cloud immunity}
rCorr    .         Harm     .   G - +1 pair of gloves "Joupn" {Str+4 Slay+3}
MR       .....                  y - +0 pair of boots
Stlth    +++.......             (no amulet)
HPRegen  0.26/turn              r - ring of positive energy {rN+}
MPRegen  0.18/turn              m - ring of protection from fire (curse) {rF+, !d}

@: no status effects
A: distributed training, fangs 1, strong nose
a: Curse Item, Scrying, Renounce Religion


You were on level 1 of the Lair of Beasts.
You worshipped Ashenzari.
Ashenzari was pleased with you.
You were hungry.

You visited 3 branches of the dungeon, and saw 13 of its levels.
You also visited: Labyrinth.

You collected 554 gold pieces.

Inventory:

Hand Weapons
 a - a +2 whip of electrocution
   (You took it off Pikel on level 4 of the Dungeon)
 j - a cursed +4 hand axe of freezing (weapon)
   (You found it on level 1 of the Dungeon)
 u - a +2 battleaxe of electrocution
   (You took it off an orc warrior on level 9 of the Dungeon)
Missiles
 n - 15 tomahawks (quivered)
 s - 6 curare-tipped needles
Armour
 c - a cursed +1 shield (worn)
 t - a scarf of cloud immunity (worn)
   (You found it on level 5 of the Dungeon)
 y - a +0 pair of boots (worn)
   (You found it on level 4 of the Dungeon)
 B - the cursed +3 leather armour of Shielding (worn) {Str+4}
   (You found it on level 5 of the Dungeon)

   It affects your strength (+4).
   It has a curse placed upon it.
 G - the +1 pair of gloves "Joupn" (worn) {Str+4 Slay+3}
   (You found it in a labyrinth)

   It affects your strength (+4).
   It affects your accuracy and damage with ranged weapons and melee attacks
   (+3).
 J - a +1 helmet of see invisible (worn)
   (You found it in a labyrinth)
 M - a +3 plate armour
   (You took it off an orc warrior on level 10 of the Dungeon)
Jewellery
 h - an uncursed ring of wizardry {Wiz+, !d}
   (You found it on level 1 of the Dungeon)
 m - a cursed ring of protection from fire (right hand) {rF+, !d}
   (You found it on level 1 of the Dungeon)
 r - a ring of positive energy (left hand) {rN+}
   (You found it on level 2 of the Dungeon)
Wands
 b - a wand of polymorph (11)
   (You took it off an orc on level 8 of the Dungeon)
 e - a wand of acid (5)
   (You found it on level 9 of the Dungeon)
 q - a wand of paralysis (19)
   (You found it on level 8 of the Dungeon)
 K - a wand of random effects (23)
   (You found it on level 11 of the Dungeon)
 N - a wand of flame (31)
   (You took it off a big kobold on level 10 of the Dungeon)
Scrolls
 d - a scroll of enchant armour
 g - 14 scrolls of identify
 i - a scroll of fear
 l - a scroll of immolation {!r}
 z - a scroll of blinking {!r}
Potions
 o - 2 potions of curing
 p - 2 potions of ambrosia {unknown}
 C - a potion of cancellation {unknown}
 D - a potion of haste {unknown}
 E - a potion of brilliance {unknown}
Books
 I - a book of Death
   (You found it in a labyrinth)
Miscellaneous
 w - a box of beasts
 A - a lamp of fire
   (You found it on level 9 of the Dungeon)
Comestibles
 f - 24 rations
 k - 6 chunks of flesh {@w0}


   Skills:
 + Level 9.5 Fighting
 + Level 6.8 Short Blades
 + Level 6.8 Long Blades
 + Level 8.3(10.6) Axes
 + Level 6.8 Maces & Flails
 + Level 6.8 Polearms
 + Level 6.8 Staves
 + Level 6.8 Slings
 + Level 6.8 Bows
 + Level 6.8 Crossbows
 + Level 6.8 Throwing
 + Level 9.5 Armour
 + Level 6.8 Dodging
 + Level 6.8 Stealth
 + Level 9.5(10.9) Shields
 + Level 6.8 Unarmed Combat
 + Level 6.8 Spellcasting
 + Level 5.6 Conjurations
 + Level 5.6 Hexes
 + Level 5.6 Charms
 + Level 5.6 Summonings
 + Level 5.6 Necromancy
 + Level 5.6 Translocations
 + Level 5.6 Transmutations
 + Level 5.6 Fire Magic
 + Level 5.6 Ice Magic
 + Level 5.6 Air Magic
 + Level 5.6 Earth Magic
 + Level 5.6 Poison Magic
 + Level 7.5 Invocations
 + Level 6.8 Evocations


You had 24 spell levels left.
You didn't know any spells.

Dungeon Overview and Level Annotations

Branches:
Dungeon (11/15)            Temple (1/1) D:7            Lair (1/6) D:10
    Orc (0/2) D:10

Altars:
Ashenzari
Cheibriados
Dithmenos
Elyvilon
Gozag
Hepliaklqana
Makhleb
Okawaru
Qazlal
Ru
Sif Muna
Vehumet
Wu Jian
Xom
Yredelemnul
Zin
The Shining One

Annotations:
D:11 1 exclusion
Lair:1 SaintRoka's ghost, journeyman DDGl


Innate Abilities, Weirdness & Mutations

Your experience applies equally to all skills.
You have very sharp teeth.
Your uncanny sense of smell can sniff out nearby items.


Message History

You closely miss SaintRoka's ghost. You slash the water moccasin!
You freeze the water moccasin.
You kill the water moccasin!
You feel sick. You block the rime drake's attack.
SaintRoka's ghost hits you but does no damage.
You slash the rime drake! You freeze the rime drake.
You bite the rime drake, but do no damage.
The rime drake is moderately wounded.
You hit SaintRoka's ghost but do no damage.
You block the rime drake's attack.
You slash SaintRoka's ghost! You freeze SaintRoka's ghost.
Your bite misses SaintRoka's ghost.
SaintRoka's ghost is lightly damaged.
You hit the rime drake. You freeze the rime drake.
You feel sick. You block SaintRoka's ghost's attack.
The rime drake breathes ice at you. You block the flash freeze.
You hit SaintRoka's ghost but do no damage.
SaintRoka's ghost is lightly damaged.
You barely miss the rime drake.
You feel sick. SaintRoka's ghost barely misses you.
You block the rime drake's attack.
You miss the rime drake.
The rime drake is heavily wounded.
You hit SaintRoka's ghost but do no damage.
SaintRoka's ghost barely misses you. The rime drake barely misses you.
You hit SaintRoka's ghost but do no damage.
SaintRoka's ghost is lightly damaged.
You barely miss the rime drake.
You feel sick. You block SaintRoka's ghost's attack. The rime drake bites you.
You hit the rime drake. You freeze the rime drake. You bite the rime drake.
The rime drake is almost dead.
You closely miss SaintRoka's ghost. You block the rime drake's attack.
You are feeling hungry.
You hit the rime drake but do no damage.
The rime drake is almost dead.
You barely miss SaintRoka's ghost.
You feel sick. You block SaintRoka's ghost's attack.
The rime drake bites you but does no damage.
You hit the rime drake. You freeze the rime drake.
You kill the rime drake!
You hit SaintRoka's ghost but do no damage.
SaintRoka's ghost hits you!!
You hit SaintRoka's ghost but do no damage.
SaintRoka's ghost is lightly damaged.
You block SaintRoka's ghost's attack.
You feel much better.
You feel sick.
SaintRoka's ghost hits you but does no damage.
Okay, then.
Okay, then.
Evoke which item? (* to show all) (? for menu, Esc to quit)
Aiming: Corrosive Bolt
Press: ? - help, Shift-Dir - straight line, f - SaintRoka's ghost
Aim: SaintRoka's ghost (lightly damaged)
The bolt of acid hits SaintRoka's ghost.
SaintRoka's ghost appears unharmed.
SaintRoka's ghost is lightly damaged.
SaintRoka's ghost hits you!!
Evoke which item? (* to show all) (? for menu, Esc to quit)
Aiming: Corrosive Bolt
Press: ? - help, Shift-Dir - straight line, f/p - SaintRoka's ghost
Aim: SaintRoka's ghost (lightly damaged)
The bolt of acid hits SaintRoka's ghost.
SaintRoka's ghost is splashed with acid.
The acid corrodes SaintRoka's ghost!
SaintRoka's ghost is lightly damaged.
You feel sick.
SaintRoka's ghost hits you but does no damage.
Evoke which item? (* to show all) (? for menu, Esc to quit)
You open the lid... ...and a juvenile batweird beast flies out!
SaintRoka's ghost closely misses you.
Evoke which item? (* to show all) (? for menu, Esc to quit)
Aiming: Paralyse
Press: ? - help, Shift-Dir - straight line, f/p - SaintRoka's ghost
Aim: SaintRoka's ghost (lightly damaged, covered in acid, chance to defeat MR: 22%) SaintRoka's ghost resists with almost no effort.
You feel sick.
Your juvenile batweird beast hits SaintRoka's ghost!
You block SaintRoka's ghost's attack.
Your juvenile batweird beast hits SaintRoka's ghost!
You hit SaintRoka's ghost. You freeze SaintRoka's ghost.
SaintRoka's ghost is moderately damaged.
Your juvenile batweird beast hits SaintRoka's ghost.
You block SaintRoka's ghost's attack.
You closely miss SaintRoka's ghost.
SaintRoka's ghost is heavily damaged.
Your juvenile batweird beast barely misses SaintRoka's ghost.
You hit SaintRoka's ghost but do no damage.
SaintRoka's ghost is heavily damaged.
SaintRoka's ghost hits you!
* * * LOW HITPOINT WARNING * * *
You feel better.
Your juvenile batweird beast closely misses SaintRoka's ghost.
SaintRoka's ghost hits you!!
* * * LOW HITPOINT WARNING * * *
You slash SaintRoka's ghost! You freeze SaintRoka's ghost.
SaintRoka's ghost is severely damaged.
Your juvenile batweird beast closely misses SaintRoka's ghost.
SaintRoka's ghost hits you!!
You die...

##..............
#########.#............# ,,
*###......##.##...........#
,............#.............
,
..........................
,..........................
,
..........................
,
...###....................
,.. ####@.........#...... ,
, ., , #W)........###.....
,, ∆ .H..........P###..## ,
, ..#...........###.###. ,
...*#............### #. ,
.., #.......#..... #. .,
.......##.. * ## .......##,
,, # , , , ,


You could see SaintRoka's ghost and a friendly juvenile batweird beast.

Vanquished Creatures
  A minotaur (Lab)
  An anaconda (D:11)
  2 two-headed ogres (D:10)
  Nergalle (Lair:1)
  The ghost of shakethe the Cleaver, a novice FoFi (D:5)
  Pikel (D:4)
  An ugly thing (D:10)
  The ghost of SaintRoka the Covert, a novice SpEn of Okawaru (D:8)
  The ghost of Ratty the Fighter, a novice CeMo (D:4)
  A spiny frog (Lair:1)
  A gargoyle (D:11)
  A rime drake (Lair:1)
  A komodo dragon (Lair:1)
  A troll (D:11)
  3 hippogriffs
  A vampire (D:8)
  A wyvern (D:11)
  Grum (D:9)
  2 hungry ghosts
  Menkaure (D:4)
  4 water moccasins
  Duvessa (D:4)
  2 porcupines (Lair:1)
  9 orc warriors
  An ice beast (D:10)
  4 sky beasts
  A slave (D:4)
  A black bear (D:7)
  A necrophage (D:7)
  A phantom (D:7)
  3 wolves (D:9)
  2 ogres
  5 centaurs
  A big kobold (D:10)
  7 bullfrogs
  2 wyvern zombies
  Dowan (D:4)
  3 scorpions
  5 killer bees (D:10)
  2 electric eels (D:10)
  6 howler monkeys
  4 crimson imps
  A bullfrog zombie (D:8)
  A centaur zombie (D:9)
  3 hounds
  4 orc priests
  2 jellies
  26 orc wizards
  Crazy Yiuf (D:7)
  2 iguanas (D:6)
  Terence (D:3)
  6 worker ants
  2 hound skeletons
  2 worker ant zombies
  Robin (D:4)
  6 adders
  7 gnolls
  An ooze (D:3)
  5 adder skeletons
  An adder zombie (D:1)
  A worm (D:2)
  A dart slug (D:2)
  3 leopard geckos
  38 orcs
  A bat zombie (D:1)
  8 giant cockroaches
  16 goblins
  9 hobgoblins
  6 jackals
  5 kobolds
  6 quokkas
  5 bats
  4 frilled lizards
  A jackal skeleton (D:4)
  7 rats
  A spectral orc (D:5)
274 creatures vanquished.

Vanquished Creatures (others)
  An orc (D:9)
1 creature vanquished.

Grand Total: 275 creatures vanquished

Notes
Turn   | Place    | Note
-------+----------+-------------------------------------------
     0 | D:1      | Mgcat the Gnoll Fighter began the quest for the Orb.
     0 | D:1      | Reached XP level 1. HP: 23/23 MP: 1/1
    94 | D:1      | Reached XP level 2. HP: 28/29 MP: 2/2
   336 | D:1      | Reached XP level 3. HP: 35/35 MP: 3/3
   568 | D:2      | Reached skill level 1 in Invocations
   637 | D:2      | Found a glowing golden altar of the Shining One.
   643 | D:2      | Became a worshipper of the Shining One
   694 | D:2      | Reached skill level 1 in Short Blades
   694 | D:2      | Reached skill level 1 in Long Blades
   694 | D:2      | Reached skill level 1 in Maces & Flails
   694 | D:2      | Reached skill level 1 in Polearms
   694 | D:2      | Reached skill level 1 in Staves
   694 | D:2      | Reached skill level 1 in Slings
   694 | D:2      | Reached skill level 1 in Bows
   694 | D:2      | Reached skill level 1 in Crossbows
   694 | D:2      | Reached skill level 1 in Throwing
   694 | D:2      | Reached skill level 1 in Dodging
   694 | D:2      | Reached skill level 1 in Stealth
   694 | D:2      | Reached skill level 1 in Unarmed Combat
   694 | D:2      | Reached skill level 1 in Spellcasting
   694 | D:2      | Reached skill level 1 in Evocations
   694 | D:2      | Reached XP level 4. HP: 19/41 MP: 5/5
   835 | D:2      | Reached skill level 1 in Conjurations
   835 | D:2      | Reached skill level 1 in Hexes
   835 | D:2      | Reached skill level 1 in Charms
   835 | D:2      | Reached skill level 1 in Summonings
   835 | D:2      | Reached skill level 1 in Necromancy
   835 | D:2      | Reached skill level 1 in Translocations
   835 | D:2      | Reached skill level 1 in Transmutations
   835 | D:2      | Reached skill level 1 in Fire Magic
   835 | D:2      | Reached skill level 1 in Ice Magic
   835 | D:2      | Reached skill level 1 in Air Magic
   835 | D:2      | Reached skill level 1 in Earth Magic
   835 | D:2      | Reached skill level 1 in Poison Magic
  1130 | D:2      | Noticed a centaur
  1140 | D:2      | Killed a centaur
  1140 | D:2      | Reached XP level 5. HP: 43/47 MP: 5/7
  1567 | D:3      | Noticed Terence
  1573 | D:3      | Killed Terence
  1592 | D:3      | Reached XP level 6. HP: 53/53 MP: 8/8
  1974 | D:4      | Reached skill level 2 in Invocations
  2274 | D:4      | Noticed Robin
  2293 | D:4      | Killed Robin
  2393 | D:4      | Noticed a slave
  2393 | D:4      | Noticed a slave
  2394 | D:4      | Noticed a slave
  2399 | D:4      | Noticed Pikel
  2399 | D:4      | Killed a slave
  2427 | D:4      | HP: 3/53 [Pikel/whip of electrocution (18)]
  2430 | D:4      | Killed Pikel
  2430 | D:4      | Reached skill level 7 in Fighting
  2430 | D:4      | Reached skill level 2 in Short Blades
  2430 | D:4      | Reached skill level 2 in Long Blades
  2430 | D:4      | Reached skill level 5 in Axes
  2430 | D:4      | Reached skill level 2 in Maces & Flails
  2430 | D:4      | Reached skill level 2 in Polearms
  2430 | D:4      | Reached skill level 2 in Staves
  2430 | D:4      | Reached skill level 2 in Slings
  2430 | D:4      | Reached skill level 2 in Bows
  2430 | D:4      | Reached skill level 2 in Crossbows
  2430 | D:4      | Reached skill level 2 in Throwing
  2430 | D:4      | Reached skill level 7 in Armour
  2430 | D:4      | Reached skill level 2 in Dodging
  2430 | D:4      | Reached skill level 2 in Stealth
  2430 | D:4      | Reached skill level 7 in Shields
  2430 | D:4      | Reached skill level 2 in Unarmed Combat
  2430 | D:4      | Reached skill level 2 in Spellcasting
  2430 | D:4      | Reached skill level 2 in Conjurations
  2430 | D:4      | Reached skill level 2 in Hexes
  2430 | D:4      | Reached skill level 2 in Charms
  2430 | D:4      | Reached skill level 2 in Summonings
  2430 | D:4      | Reached skill level 2 in Necromancy
  2430 | D:4      | Reached skill level 2 in Translocations
  2430 | D:4      | Reached skill level 2 in Transmutations
  2430 | D:4      | Reached skill level 2 in Fire Magic
  2430 | D:4      | Reached skill level 2 in Ice Magic
  2430 | D:4      | Reached skill level 2 in Air Magic
  2430 | D:4      | Reached skill level 2 in Earth Magic
  2430 | D:4      | Reached skill level 2 in Poison Magic
  2430 | D:4      | Reached skill level 3 in Invocations
  2430 | D:4      | Reached skill level 2 in Evocations
  2430 | D:4      | Reached XP level 7. HP: 4/60 MP: 8/11
  2839 | D:5      | Entered Level 5 of the Dungeon
  2863 | D:5      | Reached XP level 8. HP: 49/67 MP: 12/12
  2941 | D:5      | Found a shimmering altar of Xom.
  2941 | D:5      | Noticed an angel
  2946 | D:5      | Reached * piety under the Shining One
  2975 | D:5      | Found a glowing silver altar of Zin.
  3131 | D:5      | Found a basalt altar of Yredelemnul.
  3191 | D:5      | Found a shadowy altar of Dithmenos.
  3275 | D:5      | Got a slimy leather armour
  3286 | D:5      | Identified the +3 leather armour of Shielding {Str+4} (You found it on level 5 of the Dungeon)
  3334 | D:5      | Noticed shakethe's ghost (novice FoFi)
  3344 | D:5      | Killed shakethe's ghost
  3344 | D:5      | Reached skill level 3 in Short Blades
  3344 | D:5      | Reached skill level 3 in Long Blades
  3344 | D:5      | Reached skill level 3 in Maces & Flails
  3344 | D:5      | Reached skill level 3 in Polearms
  3344 | D:5      | Reached skill level 3 in Staves
  3344 | D:5      | Reached skill level 3 in Slings
  3344 | D:5      | Reached skill level 3 in Bows
  3344 | D:5      | Reached skill level 3 in Crossbows
  3344 | D:5      | Reached skill level 3 in Throwing
  3344 | D:5      | Reached skill level 3 in Dodging
  3344 | D:5      | Reached skill level 3 in Stealth
  3344 | D:5      | Reached skill level 3 in Unarmed Combat
  3344 | D:5      | Reached skill level 3 in Spellcasting
  3344 | D:5      | Reached skill level 3 in Evocations
  3681 | D:6      | Reached skill level 3 in Conjurations
  3681 | D:6      | Reached skill level 3 in Hexes
  3681 | D:6      | Reached skill level 3 in Charms
  3681 | D:6      | Reached skill level 3 in Summonings
  3681 | D:6      | Reached skill level 3 in Necromancy
  3681 | D:6      | Reached skill level 3 in Translocations
  3681 | D:6      | Reached skill level 3 in Transmutations
  3681 | D:6      | Reached skill level 3 in Fire Magic
  3681 | D:6      | Reached skill level 3 in Ice Magic
  3681 | D:6      | Reached skill level 3 in Air Magic
  3681 | D:6      | Reached skill level 3 in Earth Magic
  3681 | D:6      | Reached skill level 3 in Poison Magic
  3681 | D:6      | Reached skill level 4 in Invocations
  3708 | D:6      | Reached XP level 9. HP: 41/72 MP: 14/14
  3836 | D:6      | Reached skill level 6 in Axes
  3904 | D:6      | HP: 16/73 [orc warrior/short sword (12)]
  4099 | D:6      | Found a sacrificial altar of Ru.
  4331 | D:6      | Reached skill level 4 in Short Blades
  4331 | D:6      | Reached skill level 4 in Long Blades
  4331 | D:6      | Reached skill level 4 in Maces & Flails
  4331 | D:6      | Reached skill level 4 in Polearms
  4331 | D:6      | Reached skill level 4 in Staves
  4331 | D:6      | Reached skill level 4 in Slings
  4331 | D:6      | Reached skill level 4 in Bows
  4331 | D:6      | Reached skill level 4 in Crossbows
  4331 | D:6      | Reached skill level 4 in Throwing
  4331 | D:6      | Reached skill level 4 in Dodging
  4331 | D:6      | Reached skill level 4 in Stealth
  4331 | D:6      | Reached skill level 4 in Unarmed Combat
  4331 | D:6      | Reached skill level 4 in Spellcasting
  4331 | D:6      | Reached skill level 4 in Evocations
  4892 | D:4      | Noticed Ratty's ghost (novice CeMo)
  4916 | D:4      | Killed Ratty's ghost
  5145 | D:4      | Noticed Dowan
  5146 | D:4      | Noticed Duvessa
  5154 | D:4      | Killed Dowan
  5154 | D:4      | Reached skill level 8 in Fighting
  5154 | D:4      | Reached skill level 8 in Armour
  5154 | D:4      | Reached skill level 8 in Shields
  5178 | D:4      | Killed Duvessa
  5278 | D:4      | Reached ** piety under the Shining One
  5431 | D:4      | Noticed Menkaure
  5444 | D:4      | Killed Menkaure
  5444 | D:4      | Reached skill level 5 in Invocations
  5838 | D:7      | Found an opulent altar of Gozag.
  5918 | D:7      | Found a burning altar of Makhleb.
  5956 | D:7      | Found a staircase to the Ecumenical Temple.
  5978 | Temple   | Entered the Ecumenical Temple
  6037 | Temple   | Fell from the grace of the Shining One
  6037 | Temple   | Became a worshipper of Ashenzari the Shackled
  6125 | D:7      | Reached XP level 10. HP: 80/80 MP: 15/17
  6269 | D:7      | Found an iron altar of Okawaru.
  6417 | D:7      | Reached skill level 4 in Conjurations
  6417 | D:7      | Reached skill level 4 in Hexes
  6417 | D:7      | Reached skill level 4 in Charms
  6417 | D:7      | Reached skill level 4 in Summonings
  6417 | D:7      | Reached skill level 4 in Necromancy
  6417 | D:7      | Reached skill level 4 in Translocations
  6417 | D:7      | Reached skill level 4 in Transmutations
  6417 | D:7      | Reached skill level 4 in Fire Magic
  6417 | D:7      | Reached skill level 4 in Ice Magic
  6417 | D:7      | Reached skill level 4 in Air Magic
  6417 | D:7      | Reached skill level 4 in Earth Magic
  6417 | D:7      | Reached skill level 4 in Poison Magic
  6813 | D:7      | Found a runed door.
  6916 | D:7      | Noticed Crazy Yiuf
  6917 | D:7      | Killed Crazy Yiuf
  7010 | D:8      | Found an ornate altar of the Wu Jian Council.
  7054 | D:7      | Reached skill level 5 in Short Blades
  7054 | D:7      | Reached skill level 5 in Long Blades
  7054 | D:7      | Reached skill level 5 in Maces & Flails
  7054 | D:7      | Reached skill level 5 in Polearms
  7054 | D:7      | Reached skill level 5 in Staves
  7054 | D:7      | Reached skill level 5 in Slings
  7054 | D:7      | Reached skill level 5 in Bows
  7054 | D:7      | Reached skill level 5 in Crossbows
  7054 | D:7      | Reached skill level 5 in Throwing
  7054 | D:7      | Reached skill level 5 in Dodging
  7054 | D:7      | Reached skill level 5 in Stealth
  7054 | D:7      | Reached skill level 5 in Unarmed Combat
  7054 | D:7      | Reached skill level 5 in Spellcasting
  7054 | D:7      | Reached skill level 5 in Evocations
  7129 | D:8      | Noticed SaintRoka's ghost (novice SpEn)
  7145 | D:8      | Killed SaintRoka's ghost
  7191 | D:8      | Reached skill level 7 in Axes
  7297 | D:8      | Found a stormy altar of Qazlal.
  7416 | D:8      | HP: 17/80 [something (5)]
  7772 | D:8      | Found a radiant altar of Vehumet.
  7889 | D:9      | Noticed Grum
  7943 | D:9      | Found a snail-covered altar of Cheibriados.
  7999 | D:9      | Reached skill level 6 in Invocations
  8092 | D:9      | Killed Grum
  8182 | D:9      | Found a shadowy altar of Dithmenos.
  8210 | D:9      | Noticed a cyan ugly thing
  8232 | D:9      | HP: 16/82 [cyan ugly thing (14)]
  8232 | D:9      | HP: 1/82 [cyan ugly thing (15)]
  8721 | D:9      | Reached * piety under Ashenzari
  9151 | D:10     | Entered Level 10 of the Dungeon
  9374 | D:10     | Found a staircase to the Lair.
  9479 | D:10     | Reached XP level 11. HP: 46/87 MP: 19/19
  9885 | D:10     | Noticed a two-headed ogre
  9908 | D:10     | Killed a two-headed ogre
 10236 | D:10     | Reached skill level 9 in Fighting
 10236 | D:10     | Reached skill level 9 in Armour
 10236 | D:10     | Reached skill level 9 in Shields
 10237 | D:10     | Reached skill level 6 in Short Blades
 10237 | D:10     | Reached skill level 6 in Long Blades
 10237 | D:10     | Reached skill level 6 in Maces & Flails
 10237 | D:10     | Reached skill level 6 in Polearms
 10237 | D:10     | Reached skill level 6 in Staves
 10237 | D:10     | Reached skill level 6 in Slings
 10237 | D:10     | Reached skill level 6 in Bows
 10237 | D:10     | Reached skill level 6 in Crossbows
 10237 | D:10     | Reached skill level 6 in Throwing
 10237 | D:10     | Reached skill level 6 in Dodging
 10237 | D:10     | Reached skill level 6 in Stealth
 10237 | D:10     | Reached skill level 6 in Unarmed Combat
 10237 | D:10     | Reached skill level 6 in Spellcasting
 10237 | D:10     | Reached skill level 6 in Evocations
 10544 | D:10     | Reached ** piety under Ashenzari
 10545 | D:10     | Noticed a green ugly thing
 10561 | D:10     | Killed a red ugly thing
 10561 | D:10     | Reached skill level 5 in Conjurations
 10561 | D:10     | Reached skill level 5 in Hexes
 10561 | D:10     | Reached skill level 5 in Charms
 10561 | D:10     | Reached skill level 5 in Summonings
 10561 | D:10     | Reached skill level 5 in Necromancy
 10561 | D:10     | Reached skill level 5 in Translocations
 10561 | D:10     | Reached skill level 5 in Transmutations
 10561 | D:10     | Reached skill level 5 in Fire Magic
 10561 | D:10     | Reached skill level 5 in Ice Magic
 10561 | D:10     | Reached skill level 5 in Air Magic
 10561 | D:10     | Reached skill level 5 in Earth Magic
 10561 | D:10     | Reached skill level 5 in Poison Magic
 10636 | D:10     | Noticed a two-headed ogre
 10651 | D:10     | Killed a two-headed ogre
 10750 | D:10     | Found a staircase to the Orcish Mines.
 11091 | D:11     | HP: 21/89 [troll (6)]
 11275 | D:11     | Found a labyrinth entrance.
 11283 | Lab      | Entered a labyrinth
 11459 | Lab      | Noticed a minotaur
 11474 | Lab      | Killed a minotaur
 11474 | Lab      | Reached skill level 7 in Invocations
 11487 | Lab      | Got the uncursed pair of gloves "Joupn" {Str+4 Slay+3}
 11688 | D:11     | Reached skill level 8 in Axes
 12118 | D:11     | Noticed a six-headed hydra
 12119 | D:11     | Noticed a fire dragon
 12119 | D:11     | a six-headed hydra changed into a fire dragon
 12122 | D:11     | Noticed an ettin
 12122 | D:11     | a fire dragon changed into an ettin
 12125 | D:11     | Noticed an anaconda
 12125 | D:11     | an ettin changed into an anaconda
 12130 | D:11     | HP: 19/89 [anaconda (16)]
 12132 | D:11     | Killed an anaconda
 12552 | Lair:1   | Entered Level 1 of the Lair of Beasts
 12634 | D:10     | Identified the +1 pair of gloves "Joupn" {Str+4 Slay+3} (You found it in a labyrinth)
 12853 | Lair:1   | Reached XP level 12. HP: 87/96 MP: 22/22
 12872 | Lair:1   | Noticed Nergalle
 12880 | Lair:1   | Noticed SaintRoka's ghost (journeyman DDGl)
 12894 | Lair:1   | Killed Nergalle
 12917 | Lair:1   | HP: 15/96 [SaintRoka's ghost (15)]
 12918 | Lair:1   | HP: 3/96 [SaintRoka's ghost (22)]
 12919 | Lair:1   | Demolished by SaintRoka's ghost

Skill      XL: |  1  2  3  4  5  6  7  8  9 10 11 |
---------------+----------------------------------+-----
Invocations    | 1 3 4 5 6 7 |  7.5
Short Blades   | 1 2 3 4 5 6 |  6.8
Long Blades    | 1 2 3 4 5 6 |  6.8
Maces & Flails | 1 2 3 4 5 6 |  6.8
Polearms       | 1 2 3 4 5 6 |  6.8
Staves         | 1 2 3 4 5 6 |  6.8
Slings         | 1 2 3 4 5 6 |  6.8
Bows           | 1 2 3 4 5 6 |  6.8
Crossbows      | 1 2 3 4 5 6 |  6.8
Throwing       | 1 2 3 4 5 6 |  6.8
Dodging        | 1 2 3 4 5 6 |  6.8
Stealth        | 1 2 3 4 5 6 |  6.8
Unarmed Combat | 1 2 3 4 5 6 |  6.8
Spellcasting   | 1 2 3 4 5 6 |  6.8
Evocations     | 1 2 3 4 5 6 |  6.8
Conjurations   | 1 2 3 4 5 |  5.6
Hexes          | 1 2 3 4 5 |  5.6
Charms         | 1 2 3 4 5 |  5.6
Summonings     | 1 2 3 4 5 |  5.6
Necromancy     | 1 2 3 4 5 |  5.6
Translocations | 1 2 3 4 5 |  5.6
Transmutations | 1 2 3 4 5 |  5.6
Fire Magic     | 1 2 3 4 5 |  5.6
Ice Magic      | 1 2 3 4 5 |  5.6
Air Magic      | 1 2 3 4 5 |  5.6
Earth Magic    | 1 2 3 4 5 |  5.6
Poison Magic   | 1 2 3 4 5 |  5.6
Fighting       | 7 8 9 |  9.5
Axes           | 5 6 7 8 |  8.3
Armour         | 7 8 9 |  9.5
Shields        | 7 8 9 |  9.5

Action                   |  1- 3 |  4- 6 |  7- 9 | 10-12 || total
-------------------------+-------+-------+-------+-------++-------
Melee: War axe           |    18 |       |       |       ||    18
       Hand axe          |    44 |   124 |   262 |   592 ||  1022
       Bite              |     3 |    13 |    30 |    77 ||   123
Throw: Tomahawk          |       |       |    14 |    32 ||    46
Invok: Curse Item        |       |       |     4 |       ||     4
Evoke: Wand              |       |       |       |    22 ||    22
       Box of beasts     |       |       |       |     1 ||     1
  Use: Scroll            |     3 |     2 |     1 |    10 ||    16
       Potion            |       |     8 |     2 |    10 ||    20
 Stab: Sleeping          |       |       |       |    11 ||    11
       Invisible         |       |       |       |     2 ||     2
       Distracted        |       |       |       |     2 ||     2
       Paralysed         |       |       |       |     9 ||     9
  Eat: Chunk             |       |     5 |    12 |    16 ||    33
       Ration            |       |       |       |     2 ||     2
Armor: Scale mail        |    19 |    48 |    28 |       ||    95
       Leather armour    |       |       |    42 |   100 ||   142
       Skin              |       |       |       |    10 ||    10
Dodge: Dodged            |    17 |    30 |    68 |   192 ||   307
Block: Shield            |    33 |    60 |   125 |   317 ||   535

Vault maps used:
D:1:      saegor_arrival_fortress, patterned_corridor
D:2:      nicolae_tso_swordbearing_angel, first_ration
D:3:      uniq_terence
D:4:      uniq_menkaure, uniq_pikel, uniq_duvessa, uniq_robin
D:5:      grunt_temple_overflow_order_and_chaos_1,
          yredelemnul_forgotten_temple_becter, basic_altar
D:6:      minmay_flawed_box, nicolae_ru_sacrificial_ziggurat
D:7:      grunt_gozag_breadcrumbs, kennysheep_mini_moat,
          lemuel_coloured_pillars_altar, minmay_temple_entry_statues,
          uniq_crazy_yiuf_cottage
D:8:      nicolae_overflow_hidden_temple, overflow_temple_1_default,
          overflow_temple_1_default
D:9:      nicolae_dithmenos_shadow_blocks, old_standard_altar, uniq_grum
D:10:     lair_entry_dummy, erik_orc_2, blue_anna_alchemist
D:11:     lab_entry_generic, evilmike_minifort
Temple:   nicolae_temple_figure_zero
Lair:1:   grunt_megastairs_4, uniq_nergalle
Lab:      labyrinth_watery

Table legend:
 A = Turns spent in this place as a percentage of turns spent in the entire game.
 B = Non-inter-level travel turns spent in this place as a percentage of non-inter-level travel turns spent in the entire game.
 C = Inter-level travel turns spent in this place as a percentage of turns spent in this place.
 D = Turns resting spent in this place as a percentage of non-inter-level travel turns spent in this place.
 E = Turns spent auto-exploring this place as a percentage of non-inter-level travel turns spent in this place.
 F = Non-inter-level travel turns spent in this place divided by the number of levels of this place that you've seen.
                   A       B       C       D       E      F
               +-------+-------+-------+-------+-------+----------------------
         Total | 100.0 | 100.0 |   4.5 |   1.1 |  77.1 | 881.6
       Dungeon |  95.5 |  95.5 |   4.5 |   1.1 |  79.1 | 1071.2
        Temple |   0.8 |   0.7 |  16.2 |   0.0 |  80.7 |  83.0
          Lair |   1.8 |   1.9 |   0.0 |   1.3 |  54.1 | 229.0
     Labyrinth |   1.9 |   2.0 |   0.0 |   4.0 |   0.0 | 247.0
               +-------+-------+-------+-------+-------+----------------------

Table legend:
 A = Kills in this place as a percentage of kills in entire the game.
 B = Kills by you in this place as a percentage of kills by you in the entire game.
 C = Kills by friends in this place as a percentage of kills by friends in the entire game.
 D = Other kills in this place as a percentage of other kills in the entire game.
 E = Experience gained in this place as a percentage of experience gained in the entire game.
 F = Experience gained in this place divided by the number of levels of this place that you have seen.
                   A       B       C       D       E      F
               +-------+-------+-------+-------+-------+----------------------
         Total | 100.0 | 100.0 |   N/A |   N/A | 100.0 | 1427.0
       Dungeon |  95.2 |  95.2 |   N/A |   N/A |  79.0 | 1435.6
          Lair |   4.4 |   4.4 |   N/A |   N/A |  15.6 | 3115.0
     Labyrinth |   0.4 |   0.4 |   N/A |   N/A |   5.4 | 1071.0
               +-------+-------+-------+-------+-------+----------------------
